 Dungeon Crawl Stone Soup version 0.30-a0-1160-g6e42c06551 (webtiles) character file.

Game seed: 15009540073537353293

39 Barriton the Chiller (level 3, -1/26 HPs)
             Began as a Draconian Ice Elementalist on Apr 26, 2023.
             Slain by a goblin
             ... wielding a +0 dagger
             ... led by Robin
              (4 damage)
             ... on level 2 of the Dungeon.
             The game lasted 00:03:04 (1400 turns).

Barriton the Chiller (Draconian Ice Elementalist)   Turns: 1400, Time: 00:03:04

Health: -1/26      AC:  5    Str: 10    XL:     3   Next: 26%
Magic:  4/6        EV: 12    Int: 17    God:
Gold:   38         SH:  0    Dex: 11    Spells: 5/7 levels left

rFire   . . .        (no weapon)
rCold   . . .        (no shield)
rNeg    . . .        (body armour unavailable)
rPois   .            (helmet restricted)
rElec   .            (no cloak)
rCorr   .            (no gloves)
SInv    .            (no boots)
Will    .....        (no amulet)
Stlth   ++           (no ring)
HPRegen 0.24/turn    (no ring)
MPRegen 0.10/turn

%: no passive effects
@: no status effects
A: AC +5, unfitting armour, cold-blooded
a: no special abilities


You were on level 2 of the Dungeon.
You visited 1 branch of the dungeon, and saw 2 of its levels.

You collected 38 gold pieces.

Inventory:

Missiles
 h - a throwing net
Scrolls
 b - a scroll of identify
Potions
 d - a potion of brilliance
 e - a potion of resistance
 f - a potion of might


   Skills:
 + Level 2.1 Dodging
 + Level 1.7 Stealth
 + Level 0.4 Unarmed Combat
 + Level 2.5 Spellcasting
 + Level 0.2 Necromancy
 + Level 4.4 Ice Magic


You had 5 spell levels left.
You knew the following spells:

 Your Spells              Type           Power      Damage    Failure   Level
a - Freeze                Ice            68%        1d8       3%          1
b - Necrotise             Necr           12%        1d4       17%         1

Your spell library contained the following spells:

 Spells                   Type           Power      Damage    Failure   Level
 Frozen Ramparts          Ice            34%        1d6       9%          3
 Ozocubu's Armour         Ice            17%        N/A       9%          3
 Apportation              Tloc           4%         N/A       19%         1
 Summon Small Mammal      Summ           8%         N/A       19%         1
 Summon Ice Beast         Ice/Summ       9%         N/A       58%         4


Dungeon Overview and Level Annotations

Branches:
Dungeon (2/15)

Altars:

Annotations:
D:2 Robin, Sigmund


Innate Abilities, Weirdness & Mutations

Your plain brown scales are hard. (AC +5)
You cannot fit into any form of body armour.
You are cold-blooded and may be slowed by cold attacks.


Message History

The goblin hits you but does no damage. The goblin closely misses you.
The goblin hits you but does no damage.
You barely miss the goblin.
The goblin is severely wounded.
The goblin hits you with a +0 dagger. x2
The goblin hits you but does no damage.
You closely miss the goblin.
The goblin is severely wounded.
The goblin hits you with a +0 dagger.
* * * LOW HITPOINT WARNING * * *
The goblin hits you but does no damage. The goblin hits you with a +0 dagger.
* * * LOW HITPOINT WARNING * * *
You closely miss the goblin.
The goblin is severely wounded.
The goblin hits you with a +0 dagger.
* * * LOW HITPOINT WARNING * * *
The goblin hits you but does no damage. The goblin completely misses you.
Magic courses through your body. The goblin misses you.
The goblin hits you but does no damage. The goblin closely misses you.
Casting: Necrotise (safe; 17% risk of failure)
Confirm with . or Enter, or press ? or * to list all spells.
Aiming: Freeze (safe; 3% risk of failure)
Press: ? - help, Shift-Dir - straight line, f - goblin
Aim: a goblin, wielding a +0 dagger (severely wounded, strong)
You freeze the goblin.
You kill the goblin!
Robin throws the goblin at you! The goblin barely misses you.
The goblin hits you but does no damage.
Casting: Freeze (safe; 3% risk of failure)
Confirm with . or Enter, or press ? or * to list all spells.
Aiming: Freeze (safe; 3% risk of failure)
Press: ? - help, Shift-Dir - straight line, f - goblin
Aim: a goblin, wielding a +0 club (strong)
You freeze the goblin.
You kill the goblin!
Sigmund appears from thin air!
Reactivating autopickup.
Robin's horned helmet rattles.
The goblin hits you with a +0 dagger.
You die...

*#.#***#.# #.# #.# #.# #.# *
#.# #.# * ***** #.# #.# *
*,,,* #.# #.#
******,,,#######.#####.#####
+,,,,+,,,......)Zg........>#
******,,,#######@###.#.###.#
* *,,,* #g# #.#...#.# *
*,,,* #g# #.#.#.#.# *
****,,,******#@#*#.###.#<#
***,,,,,,,,,,,,.g.,#.......#
,,,,,,,,,,,,,,.....#######.#
,,,,,,,,,,,,,......# #.#
,,,,,,,,,,,,.......#*****#.#
,,,,,,,,,,,........+,,,,,..#


You could see Sigmund, Robin, 3 goblins and a friendly goblin skeleton.

Vanquished Creatures
  A dart slug (D:1)
  2 endoplasms (D:1)
  12 goblins
  4 hobgoblins
  3 jackals (D:1)
  3 kobolds (D:1)
  2 ball pythons (D:1)
  2 bats (D:1)
  A frilled lizard (D:1)
  3 rats (D:1)
33 creatures vanquished.

Notes
Turn   | Place    | Note
-------+----------+-------------------------------------------
     0 | D:1      | Barriton the Draconian Ice Elementalist began the quest for
                  | the Orb.
     0 | D:1      | Reached XP level 1. HP: 14/14 MP: 3/3
   373 | D:1      | Reached XP level 2. HP: 20/20 MP: 3/5
   611 | D:1      | Learned a level 1 spell: Necrotise
  1350 | D:2      | Noticed Robin
  1352 | D:2      | Noticed Sigmund
  1362 | D:2      | Reached XP level 3. HP: 23/26 MP: 1/6
  1400 | D:2      | Slain by a goblin

Illustrated notes

Levels and vault maps discovered:
D:1:      wander_arrival_chamber, layout_loops_cross, serial_co_window_serial,
          co_window_of_opportunity_a, co_window_paths_b, co_window_corner_a,
          co_window_corner_a, co_window_paths_a, co_window_cross_4,
          co_window_broadway_b, co_window_of_opportunity_b,
          co_window_of_opportunity_c, glass_columns_b
D:2:      layout_basic, nicolae_ecumenical_lake_church, uniq_sigmund,
          uniq_robin, uniq_crazy_yiuf_cottage, uniq_natasha

Skill      XL: |  1 |
---------------+----+-----
Dodging        | 2 |  2.1
Stealth        | |  1.7
Unarmed Combat | |  0.4
Spellcasting   | |  2.5
Necromancy     | |  0.2
Ice Magic      | |  4.4

Action                     || total
---------------------------++-------
  Melee: Unarmed           ||    61
         Tailslap          ||     8
   Cast: Freeze            ||    32
         Necrotise         ||    17
    Use: Scroll            ||     6
         Potion            ||     1
 Armour: Skin              ||    37
  Dodge: Dodged            ||    58

Table legend: (Time is in decaauts)
 A = Elapsed time spent in this place.
 B = Non-inter-level travel time spent in this place.
 C = Inter-level travel time spent in this place.
 D = Time resting spent in this place.
 E = Time spent auto-exploring this place.
 F = Levels seen in this place.
 G = Mean time per level.
                   A        B        C        D        E       F      G
               +--------+--------+--------+--------+--------+-----+--------+
         Total |   1401 |   1350 |     51 |      0 |   1136 |   2 |  700.5 |
       Dungeon |   1401 |   1350 |     51 |      0 |   1136 |   2 |  700.5 |
               +--------+--------+--------+--------+--------+-----+--------+

Top non-repeatable levels by time:
     D:1: 1331 daAuts
     D:2: 69 daAuts
